 Dungeon Crawl Stone Soup version 0.29.1-13-g9f3cf754e1 (webtiles) character file.

Game seed: 9666527208613638027

50 Ast3rio the Trooper (level 3, 0/29 HPs)
             Began as a Vampire Abyssal Knight on Feb 10, 2023.
             Was a Priest of Lugonu.
             Succumbed to an adder's poison
             ... on level 2 of the Dungeon.
             The game lasted 00:09:23 (1204 turns).

Ast3rio the Trooper (Vampire Abyssal Knight)        Turns: 1204, Time: 00:09:23

Health: 0/29       AC:  3    Str: 13 (14) XL:     3   Next: 55%
Magic:  4/4        EV: 16    Int: 11 (12) God:    Lugonu [***...]
Gold:   97         SH:  0    Dex: 11 (14) Spells: 2/2 levels left

rFire   . . .      SeeInvis +   l - staff of poison
rCold   . . .      Faith    .   (no shield)
rNeg    . . .      Spirit   .   b - +0 leather armour
rPois   +          Reflect  .   (no helmet)
rElec   .          Harm     .   (no cloak)
rCorr   .          Rampage  .   (no gloves)
Will    .....                   (no boots)
Stlth   +.........              (no amulet)
HPRegen 0.29/turn               k - +4 ring of evasion
MPRegen 0.09/turn               (no ring)

@: lethally poisoned (0 -> -6), healing quickly
A: alive, fangs 3, see invisible, vampiric 2
a: Exsanguinate, Renounce Religion, Depart the Abyss, Bend Space, Banish


You were on level 2 of the Dungeon.
You worshipped Lugonu.
Lugonu was most pleased with you.
You visited 1 branch of the dungeon, and saw 2 of its levels.
You visited the Abyss 1 time.

You collected 97 gold pieces.

Inventory:

Hand Weapons
 a - a +1 short sword
 h - a +0 dagger of draining
Missiles
 c - 4 boomerangs of dispersal
Armour
 b - a +0 leather armour (worn)
Magical Staves
 l - a staff of poison (weapon)
Jewellery
 k - a +4 ring of evasion (left hand)
Scrolls
 d - 2 scrolls of fog {unknown}
 f - 3 scrolls of identify {unknown}
 i - a scroll of teleportation {unknown}
 n - a scroll of poison {unknown}
Potions
 g - a potion of heal wounds {unknown}
 j - a potion of brilliance {unknown}
 m - a potion of flight {unknown}


   Skills:
 + Level 3.1 Fighting
 + Level 3.0 Short Blades
 + Level 1.3 Armour
 + Level 2.9 Dodging
 + Level 1.7 Invocations


You had 2 spell levels left.
You didn't know any spells.
Your spell library contained the following spells:

 Spells                   Type           Power      Damage    Failure   Level
 Apportation              Tloc           0%         N/A       41%         1
 Necrotise                Necr           0%         1d4       41%         1
 Summon Small Mammal      Summ           0%         N/A       41%         1
 Conjure Flame            Conj/Fire      0%         6-21      80%         3
 Ignite Poison            Fire/Tmut/Pois 0%         N/A       80%         3
 Sticky Flame             Conj/Fire      0%         2d3       99%         4


Dungeon Overview and Level Annotations

Branches:
Dungeon (2/15)

Altars:

Shops:
D:1 [   D:2 (*


Innate Abilities, Weirdness & Mutations

Your natural rate of healing is accelerated.
You have razor-sharp teeth.
You have supernaturally acute eyesight. (SInv)
You are afflicted with vampirism and can become a bat while bloodless.


Message History

Lugonu accepts your kill.
The adder barely misses you. x2; The adder misses you.
The worm completely misses you. The adder closely misses you.
You miss the adder. The adder closely misses you. The adder barely misses you.
The adder closely misses you. The adder misses you. The worm bites you.
You closely miss the adder. The adder bites you. The adder barely misses you.
The adder misses you. The adder bites you but does no damage.
The adder barely misses you.
You barely miss the adder. The adder closely misses you.
The adder barely misses you. The adder bites you. The worm closely misses you.
The adder bites you.
You are poisoned.
The adder poisons you! The adder misses you.
You barely miss the adder. You bite the adder.
The adder is moderately wounded.
You feel sick. The adder misses you. The adder completely misses you.
The adder closely misses you. The adder misses you. The worm barely misses you.
You hit the adder.
The adder is moderately wounded.
You feel sick. The adder bites you but does no damage. The adder misses you.
The adder barely misses you. The adder bites you but does no damage.
The adder barely misses you. The adder misses you.
You hit the adder.
The adder is heavily wounded.
You feel sick. The adder bites you. The adder misses you. The worm bites you.
* * * LOW HITPOINT WARNING * * *
The adder misses you. The adder bites you.
* * * LOW HITPOINT WARNING * * *
You are lethally poisoned!
The adder poisons you!
Okay, then.
It was a potion of degeneration.
There was something very wrong with that liquid.
You feel weakened.
You feel dopey.
You feel clumsy.
* * * LOW HITPOINT WARNING * * *
You feel sick.
The adder closely misses you. x2; The adder misses you.
The worm misses you. The adder barely misses you.
You completely miss the adder.
The adder is severely wounded.
You die...

#.# #.#......###. #.#
###.#....### ## ######.#
#...†....# #
#......###.#......# #
##.##........###...######
#.....######...#.........
##...###....###..#######..
#...##........#..#######.#
#...#...S@###.............
#..##.##SwS.##............
#..# #..S(..#....########
#..# #.(##(.#..†.# # #..#
#.! $.#..#.###### # ##..#
#.. ..#..#..#...###
##...## ##. ##.##.......##
#..#..# ## ..#..........
#.#...## ..##..........


You could see a worm, 3 adders and a ball python.

Vanquished Creatures
  An adder (D:2)
  A dart slug (D:2)
  A bat (D:2)
  3 endoplasms
  4 giant cockroaches (D:1)
  2 goblins (D:1)
  A hobgoblin (D:1)
  8 jackals (D:1)
  2 quokkas (D:2)
  4 ball pythons
  4 kobolds
  5 rats
36 creatures vanquished.

Notes
Turn   | Place    | Note
-------+----------+-------------------------------------------
     0 | Abyss:1  | Ast3rio the Vampire Abyssal Knight began the quest for the
                  | Orb.
     0 | Abyss:1  | Reached XP level 1. HP: 17/17 MP: 2/2
     1 | D:1      | Escaped the Abyss
    22 | D:1      | Found Suluir's Armour Shop.
   172 | D:1      | Found a faded altar of an unknown god.
   186 | D:1      | Reached XP level 2. HP: 7/23 MP: 3/3
   329 | D:1      | Reached skill level 1 in Armour
   384 | D:1      | Reached *** piety under Lugonu
   679 | D:2      | Found Ahoiliann's Weapon Shoppe.
   723 | D:2      | Gained mutation: You are afflicted with vampirism and can
                  | become a bat while bloodless. [Vampire growth]
   723 | D:2      | Reached XP level 3. HP: 19/29 MP: 4/4
   821 | D:2      | Found Zofif's General Store.
  1204 | D:2      | Succumbed to an adder's poison

Illustrated notes

Levels and vault maps discovered:
D:1:      elethiomel_arrival_shortcut, layout_rooms, serial_shops,
          nicolae_shop_trees, hellmonk_ecumenical_altar_dog_temple,
          serial_rivers, chequers_serial_rivers_micro_e,
          chequers_serial_rivers_room_a, chequers_serial_rivers_micro_a,
          chequers_serial_rivers_micro_b, chequers_serial_rivers_room_b
D:2:      layout_rooms, serial_shops, nicolae_diamond_shop,
          nicolae_shop_competitors_out_of_business,
          minmay_randomly_rotated_circles

Skill      XL: |  1  2  3 |
---------------+----------+-----
Fighting       | 3 |  3.1
Armour         | 1 |  1.3
Short Blades   | 3 |  3.0
Dodging        | |  2.9
Invocations    | |  1.7

Action                   || total
-------------------------++-------
Melee: Short sword       ||   125
       Bite              ||    10
       Staff             ||    17
       Punch             ||     2
  Use: Potion            ||     1
 Stab: Sleeping          ||     1
Armor: Leather armour    ||    50
Dodge: Dodged            ||   166
